 Dungeon Crawl Stone Soup version 0.31.0-9-g3a7656b989 (webtiles) character file.

Game seed: 10435812278951615735

34 Colgate the Poker (level 3, 0/29 HPs)
             Began as a Demonspawn Cinder Acolyte on Jan 30, 2024.
             Was a High Priest of Ignis.
             Slain by a ribbon worm (1 damage)
             ... on level 2 of the Dungeon.
             The game lasted 00:01:13 (1499 turns).

Colgate the Poker (Demonspawn Cinder Acolyte)       Turns: 1499, Time: 00:01:14

Health: 0/29       AC:  2    Str: 16    XL:     3   Next: 14%
Magic:  4/4        EV: 11    Int: 16    God:    Ignis [*****.]
Gold:   95         SH:  0    Dex:  8    Spells: 4/4 levels left

rFire   + . .        a - -1 spear (flame)
rCold   . . .        (no shield)
rNeg    . . .        b - +0 robe
rPois   .            (helmet restricted)
rElec   .            (no cloak)
rCorr   .            (no gloves)
SInv    .            (no boots)
Will    .....        (no amulet)
Stlth   +            (no ring)
HPRegen 0.24/turn    (no ring)
MPRegen 0.09/turn

%: no passive effects
@: no status effects
A: horns 1, big brain 1
a: Renounce Religion, Fiery Armour, Foxfire Swarm, Rising Flame


You were on level 2 of the Dungeon.
You worshipped Ignis.
Ignis was extremely pleased with you.
You visited 1 branch of the dungeon, and saw 2 of its levels.

You collected 95 gold pieces.

Inventory:

Hand Weapons
 a - a -1 spear of flaming (weapon)
Armour
 b - a +0 robe (worn)
 l - a +0 cloak
Jewellery
 d - a ring of resist corrosion
Scrolls
 c - a scroll of summoning {unknown}
 g - a scroll of revelation {unknown}
 h - a scroll of identify {unknown}
 i - a scroll of blinking {unknown}
 j - a scroll of teleportation {unknown}
 k - a scroll of immolation {unknown}
Potions
 e - a potion of brilliance {unknown}
 f - a potion of heal wounds {unknown}


   Skills:
 - Level 3.0 Fighting
 + Level 3.9 Polearms
 - Level 1.0 Spellcasting
 - Level 2.6 Fire Magic


You had 4 spell levels left.
You didn't know any spells.
Your spell library contained the following spells:

 Spells                   Type           Power      Damage    Failure   Level
 Scorch                   Fire           18%        2d5       12%         2


Dungeon Overview and Level Annotations

Branches:
Dungeon (2/15)

Altars:


Innate Abilities, Weirdness & Mutations

You have a pair of small horns on your head.
You have an unusually large brain. (Int +2)


Message History

There are monsters nearby!
The web tears apart.
The goblin closely misses you.
You barely miss the goblin. The goblin closely misses you.
You completely miss the goblin. The goblin hits you but does no damage.
You hit the goblin but do no damage. Your headbutt misses the goblin.
The goblin closely misses you.
You barely miss the goblin. Your headbutt misses the goblin.
Your punch misses the goblin. The goblin hits you with a +0 club.
You barely miss the ribbon worm. The ribbon worm bites you.
There are monsters nearby!
You hit the ribbon worm. You burn the ribbon worm.
The goblin barely misses you.
The ribbon worm expels a string of sticky webbing.
The stream of webbing hits you but does no damage.
You are caught in a web!
There are monsters nearby!
The web tears apart.
The goblin hits you but does no damage.
You miss the goblin. The ribbon worm bites you.
The goblin hits you with a +0 club.
You closely miss the goblin. The goblin hits you with a +0 club.
* * * LOW HITPOINT WARNING * * *
The ribbon worm expels a string of sticky webbing.
The stream of webbing misses you.
You hit the goblin. You burn the goblin. The goblin barely misses you.
The ribbon worm closely misses you.
You hit the ribbon worm but do no damage.
Your punch misses the ribbon worm. The goblin hits you with a +0 club.
* * * LOW HITPOINT WARNING * * *
You hit the ribbon worm. You burn the ribbon worm.
You headbutt the ribbon worm. The ribbon worm bites you.
* * * LOW HITPOINT WARNING * * *
The goblin barely misses you.
You hit the ribbon worm but do no damage.
Your headbutt misses the ribbon worm.
The ribbon worm expels a string of sticky webbing.
The stream of webbing hits you but does no damage.
You are caught in a web!
The goblin barely misses you.
The web tears apart.
The goblin hits you but does no damage. The ribbon worm bites you.
You die...

......###.#.......#
#####.#......#+#...
#####.#.##..♣# ##
...........## .. .
#####.#.#..+ .###.#
...........## #......
##....#.....♣# #♣.......
#...[####...#+#w.......
#............$.@g....(.
..........#..##..#......
.####...#.##..#.........
#(..#. ............. ###
#####......##..#
#.###### ## #.# #.#


You could see a ribbon worm and a goblin.

Vanquished Creatures
  A dart slug (D:1)
  A bat (D:1)
  An endoplasm (D:2)
  10 giant cockroaches
  3 goblins (D:1)
  3 hobgoblins
  A quokka (D:2)
  2 ball pythons (D:1)
  3 frilled lizards
  A rat (D:1)
26 creatures vanquished.

Notes
Turn   | Place    | Note
-------+----------+-------------------------------------------
     0 | D:1      | Colgate the Demonspawn Cinder Acolyte began the quest for
                  | the Orb.
     0 | D:1      | Reached XP level 1. HP: 18/18 MP: 2/2
   521 | D:1      | Gained mutation: You have an unusually large brain. (Int
                  | +2) [demonic ancestry]
   521 | D:1      | Reached XP level 2. HP: 19/24 MP: 3/3
  1245 | D:2      | Gained mutation: You have a pair of small horns on your
                  | head. [demonic ancestry]
  1245 | D:2      | Reached XP level 3. HP: 24/29 MP: 4/4
  1497 | D:2      | HP: 1/29 [ribbon worm (5)]
  1499 | D:2      | Slain by a ribbon worm

Illustrated notes

Levels and vault maps discovered:
D:1:      grunt_arrival_lava_bath, layout_loops_corners
D:2:      minmay_roachtagon, layout_basic, serial_shops,
          nicolae_shop_real_fake_doors

Skill      XL: |  1 |
---------------+----+-----
Polearms       | 3 |  3.9
Fighting       | |  3.0
Spellcasting   | |  1.0
Fire Magic     | |  2.6

Action                     || total
---------------------------++-------
  Melee: Spear             ||   132
         Headbutt          ||     3
 Armour: Robe              ||    91
  Dodge: Dodged            ||    95
